Map: Lightshade LE

Players

Astrea - Winner!

  • Race: Protoss Protoss

MCanning

  • Race: Protoss Protoss

Event: DreamHack SC2 Masters 2021 Fall

VOD

Have the link to the VOD?

Description

Time

  • Played on: Aug. 7, 2021, 4:15 p.m.
  • Length: 9:22

All games in this series

Show
View Real Time Build Order
Export as new Build Order

Astrea Protoss - Winner!

Build Orders: Oracle Opening 

Get SALT Encoding   

  12  0:00  Probe  
  13  0:12  Probe  
  14  0:17  Pylon  
  14  0:24  Probe (Chrono Boost)  
  15  0:36  Probe (Chrono Boost)  
  15  0:37  Gateway  
  16  0:44  Probe (Chrono Boost)  
  16  0:45  Assimilator  
  17  0:51  Probe  
  17  0:54  Assimilator  
  18  1:03  Probe (Chrono Boost)  
  19  1:07  Gateway  
  19  1:13  Probe (Chrono Boost)  
  19  1:18  Probe (Chrono Boost)  
  20  1:24  Cybernetics Core  
  21  1:29  Probe  
  21  1:32  Pylon  
  22  1:41  Probe  
  23  1:53  Probe  
  24  2:00  Stalker x2, Warp Gate  
  28  2:05  Probe  
  29  2:14  Pylon  
  29  2:23  Stargate  
  29  2:28  Pylon  
  29  2:32  Adept  
  31  2:37  Adept  
  32  2:58  Nexus  
  32  3:06  Oracle (Chrono Boost)  
  35  3:13  Probe  
  36  3:20  Pylon  
  36  3:25  Probe  
  37  3:35  Shield Battery, Oracle (Chrono Boost)  
  37  3:37  Probe  
  41  3:48  Shield Battery  
  41  3:49  Probe  
  42  4:01  Probe  
  43  4:11  Probe  
  43  4:13  Probe  
  43  4:14  Twilight Council  
  43  4:17  Cybernetics Core  
  45  4:22  Stalker  
  45  4:23  Stalker, Probe  
  50  4:31  Probe  
  51  4:37  Probe  
  52  4:43  Blink (Chrono Boost)  
  48  4:48  Probe  
  48  4:50  Probe  
  48  4:52  Stalker  
  52  5:00  Probe  
  52  5:02  Probe  
  52  5:03  Stalker  
  52  5:06  Pylon  
  56  5:10  Gateway  
  56  5:12  Probe  
  57  5:15  Probe  
  58  5:21  Stalker  
  58  5:24  Pylon, Probe  
  58  5:27  Probe  
  62  5:37  Probe  
  62  5:38  Stalker  
  62  5:39  Probe  
  62  5:41  Assimilator  
  66  5:51  Nexus  
  66  5:53  Stalker  
  68  5:58  Probe x2  
  68  6:03  Stalker  
  72  6:10  Probe  
  72  6:11  Stalker  
  75  6:12  Pylon  
  75  6:14  Probe  
  75  6:17  Robotics Facility  
  76  6:19  Stalker  
  78  6:29  Forge  
  78  6:30  Charge, Probe  
  78  6:31  Probe  
  80  6:42  Stalker x2, Probe  
  80  6:44  Probe  
  86  6:57  Pylon  
  86  6:58  Pylon  
  86  7:03  Probe x2  
  86  7:06  Probe  
  86  7:08  Observer (Chrono Boost)  
  90  7:13  Shield Battery, Sentry, Stalker x2  
  90  7:15  Probe  
  98  7:19  Protoss Ground Weapons Level 1 (Chrono Boost)  
  99  7:29  Gateway  
  97  7:30  Gateway x2  
  97  7:33  Gateway  
  97  7:36  Gateway  
  97  7:37  Observer  
  98  7:38  Stalker  
  98  7:39  Stalker  
  98  7:41  Zealot  
  104  7:46  Observer  
  104  8:03  Stalker x3  
  104  8:04  Photon Cannon  
  110  8:09  Warp Prism  
  110  8:11  Pylon  
  112  8:13  Pylon  
  112  8:14  Assimilator  
  112  8:15  Photon Cannon  
  112  8:17  Photon Cannon  
  112  8:20  Pylon  
  112  8:29  Zealot x4  
  120  8:39  Pylon  
  120  8:40  Pylon  
  120  8:44  Zealot x4  
  128  8:55  Stalker x2  
  132  9:03  Stalker x2  
  132  9:08  Pylon  
  136  9:10  Stalker x3  
Show
View Real Time Build Order
Export as new Build Order

MCanning Protoss 

Build Orders:  

Get SALT Encoding   

  12  0:00  Probe  
  13  0:12  Probe  
  14  0:17  Pylon  
  14  0:24  Probe  
  15  0:36  Gateway, Probe (Chrono Boost)  
  16  0:47  Assimilator, Probe (Chrono Boost)  
  17  0:52  Probe (Chrono Boost)  
  17  0:55  Assimilator  
  18  1:03  Probe (Chrono Boost)  
  20  1:12  Probe (Chrono Boost)  
  20  1:13  Gateway  
  20  1:17  Probe (Chrono Boost)  
  21  1:26  Cybernetics Core  
  21  1:30  Probe  
  22  1:37  Pylon  
  22  1:42  Probe  
  23  1:55  Probe  
  23  2:01  Warp Gate (Chrono Boost)  
  24  2:02  Adept x2  
  28  2:09  Probe  
  29  2:19  Pylon  
  29  2:20  Stargate  
  29  2:32  Adept  
  29  2:36  Adept  
  33  2:52  Nexus  
  33  3:02  Adept  
  35  3:08  Pylon  
  35  3:10  Adept  
  37  3:13  Probe  
  38  3:24  Shield Battery  
  38  3:28  Probe (Chrono Boost)  
  39  3:40  Probe (Chrono Boost)  
  40  3:45  Adept  
  40  3:46  Probe (Chrono Boost)  
  40  3:48  Adept  
  45  3:49  Pylon  
  45  3:54  Probe  
  43  4:05  Stalker  
  43  4:10  Probe (Chrono Boost)  
  43  4:11  Stalker  
  43  4:15  Probe (Chrono Boost)  
  46  4:22  Probe (Chrono Boost)  
  47  4:28  Twilight Council, Probe (Chrono Boost)  
  48  4:32  Sentry  
  51  4:38  Probe (Chrono Boost)  
  51  4:40  Probe (Chrono Boost)  
  51  4:45  Sentry, Probe  
  49  4:49  Probe  
  48  4:57  Probe  
  47  5:00  Forge  
  47  5:01  Blink (Chrono Boost), Probe  
  47  5:04  Sentry  
  50  5:09  Probe  
  50  5:13  Probe  
  52  5:20  Stalker  
  54  5:22  Probe  
  55  5:28  Stalker  
  55  5:34  Probe  
  55  5:35  Protoss Ground Weapons Level 1 (Chrono Boost)  
  58  5:36  Probe  
  59  5:43  Dark Shrine  
  59  5:46  Probe  
  59  5:47  Assimilator  
  60  5:50  Probe  
  60  5:51  Stalker  
  60  5:56  Pylon  
  63  5:58  Shield Battery  
  63  6:03  Stalker  
  66  6:06  Probe  
  66  6:14  Nexus  
  66  6:17  Pylon  
  66  6:21  Probe  
  66  6:22  Probe  
  66  6:26  Stalker  
  66  6:31  Stalker  
  70  6:33  Probe  
  70  6:38  Gateway  
  71  6:41  Probe  
  72  6:54  Probe  
  73  6:55  Pylon  
  73  6:56  Pylon  
  73  6:59  Gateway  
  73  7:00  Stalker x2  
  75  7:02  Gateway  
  75  7:05  Probe  
  72  7:18  Pylon  
  72  7:20  Probe  
  72  7:21  Gateway  
  72  7:23  Dark Templar  
  72  7:25  Dark Templar  
  76  7:30  Nexus  
  76  7:31  Pylon  
  76  7:33  Probe  
  77  7:39  Dark Templar  
  79  7:46  Gateway  
  77  7:51  Shield Battery  
  77  7:56  Stalker x2  
  77  7:57  Probe  
  82  8:01  Probe  
  81  8:09  Probe  
  81  8:10  Photon Cannon  
  82  8:13  Probe  
  83  8:21  Templar Archives  
  83  8:25  Gateway  
  81  8:28  Gateway  
  81  8:29  Probe  
  81  8:31  Sentry  
  81  8:33  Probe  
  83  8:43  Photon Cannon  
  83  8:48  Zealot x3  
  89  8:54  Photon Cannon  
  89  9:00  High Templar x2  
  93  9:03  Assimilator  
  93  9:04  Archon  
  93  9:05  Pylon, Zealot  

Tags
 
Add a new tag
Caveats
  • Supply blocks, unpowered buildings, or Contaminate may cause inaccurate times.
  • Supply counts are checked every 10 seconds.